 Dungeon Crawl Stone Soup version 0.19.1 (webtiles) character file.

148 esteth the Magician (level 5, -6/35 HPs)
             Began as a Human Wizard on Dec 14, 2016.
             Mangled by Terence
             ... wielding a +0 morningstar
              (9 damage)
             ... on level 3 of the Dungeon.
             The game lasted 00:21:03 (4065 turns).

esteth the Magician (Human Wizard)                  Turns: 4065, Time: 00:21:03

Health: -6/35      AC:  3    Str:  8    XL:     5   Next: 56%
Magic:  2/9        EV: 12    Int: 19    God:
Gold:   124        SH:  0    Dex: 11    Spells: 4 memorised, 1 level left

rFire  . . .     SeeInvis .     (no weapon)
rCold  . . .     Gourm    .     a - +1 robe
rNeg   . . .     Faith    .     (no shield)
rPois  .         Spirit   .     b - +0 hat
rElec  .         Reflect  .     (no cloak)
rCorr  .         Harm     .     (no gloves)
MR     .....                    (no boots)
Stlth  ++........               (no amulet)
                                (no ring)
                                (no ring)

@: no status effects
A: no striking features
a: no special abilities


You were on level 3 of the Dungeon.
You were not hungry.

You visited 1 branch of the dungeon, and saw 3 of its levels.

You collected 124 gold pieces.

Inventory:

Missiles
 e - 13 stones (quivered)
Armour
 a - a +1 robe (worn)
 b - a +0 hat (worn)
Scrolls
 d - 2 scrolls of remove curse
Potions
 f - a potion of haste {unknown}
 i - a potion of invisibility {unknown}
 l - a potion of might {unknown}
Books
 c - a book of Minor Magic

   Spells                             Type                      Level
   a - Magic Dart                     Conjuration                  1
   b - Blink                          Translocation                2
   c - Call Imp                       Summoning                    2
   d - Repel Missiles                 Charms/Air                   2
   e - Slow                           Hexes                        2
   f - Conjure Flame                  Conjuration/Fire             3
   g - Mephitic Cloud                 Conjuration/Poison/Air       3
Comestibles
 j - a slice of pizza
 m - a royal jelly
 o - a bread ration


   Skills:
 - Level 2.0 Dodging
 - Level 2.0 Stealth
 - Level 3.2 Spellcasting
 + Level 3.2 Conjurations
 - Level 1.0 Summonings
   Level 1.0 Translocations
 + Level 1.1 Fire Magic
 + Level 2.8 Poison Magic


You had one spell level left.
You knew the following spells:

 Your Spells              Type           Power        Failure   Level  Hunger
a - Magic Dart            Conj           ###.         4%          1    None
b - Mephitic Cloud        Conj/Pois/Air  ##......     21%         3    ###....
c - Conjure Flame         Conj/Fire      ##......     21%         3    ###....
d - Call Imp              Summ           #.......     17%         2    ##.....


Dungeon Overview and Level Annotations

Branches:
Dungeon (3/15)

Altars:
Cheibriados
Qazlal
Trog

Annotations:
D:2 Natasha
D:3 Sigmund, Terence


Message History

The orc wizard flickers and vanishes!
The leopard gecko hisses angrily.
The goblin barely misses you. The goblin misses you.
The goblin barely misses you.
A puff of flame appears from out of thin air!
The puff of flame hits you!
* * * LOW HITPOINT WARNING * * *
The kobold shouts!
Casting: Magic Dart
Confirm with . or Enter, or press ? or * to list all spells.
Aiming: Conjure Flame
Press: ? - help, Dir - move target cursor, f - Terence, p - kobold
Aim: Terence, wielding a morningstar and wearing a chain mail
Okay, then.
Casting: Conjure Flame
Confirm with . or Enter, or press ? or * to list all spells.
A shadowy apparition takes form in the air.
Terence hits you with a morningstar!
You die...

#>.o.K............. ##
#.######o##.#######
##_##.# #.##... ..
###≈≈≈#(# #.###### ###
#.≈≈≈≈≈K# #.##########
#.≈≈.≈≈(# #...........
#.≈≈≈≈)5###########......
#..≈≈≈..#.......###......
#.....#.@@g.......'......
#....##.#...l...###......
####. #.######..###......
#. #.# #.$.....l..## #.#
#..........##
#.#####.....$......
#$...............#.
#.@......%.........
#.#####.........###


You could see Terence, a leopard gecko, a goblin, a kobold and a friendly shadow
imp.

Vanquished Creatures
  5 adders
  3 dart slugs
  3 leopard geckos
  2 orcs (D:3)
  4 giant cockroaches
  7 goblins
  2 hobgoblins
  11 jackals
  A ball python (D:1)
  5 bats (D:2)
  8 kobolds
  10 rats
61 creatures vanquished.

Vanquished Creatures (collateral kills)
  Ijyb (D:3)
  An adder (D:3)
  A worm (D:2)
  4 orcs (D:3)
  A goblin (D:3)
  A kobold (D:3)
  A rat (D:3)
10 creatures vanquished.

Grand Total: 71 creatures vanquished

Notes
Turn   | Place    | Note
-------+----------+-------------------------------------------
     0 | D:1      | esteth the Human Wizard began the quest for the Orb.
     0 | D:1      | Reached XP level 1. HP: 13/13 MP: 4/4
   271 | D:1      | Reached XP level 2. HP: 19/19 MP: 3/6
  1111 | D:1      | Reached XP level 3. HP: 14/24 MP: 0/7
  1235 | D:1      | Learned a level 3 spell: Mephitic Cloud
  1239 | D:1      | Learned a level 3 spell: Conjure Flame
  1304 | D:2      | Found a bloodstained altar of Trog.
  1304 | D:2      | Noticed Sigmund
  1874 | D:2      | Reached skill level 1 in Poison Magic
  2071 | D:2      | Reached XP level 4. HP: 30/30 MP: 3/8
  2845 | D:2      | Noticed Natasha
  3054 | D:3      | Reached XP level 5. HP: 24/35 MP: 0/9
  3085 | D:3      | Found a stormy altar of Qazlal.
  3262 | D:2      | Learned a level 2 spell: Call Imp
  3466 | D:3      | Noticed Ijyb
  3650 | D:3      | Killed Ijyb
  3939 | D:3      | Reached skill level 1 in Fire Magic
  3945 | D:3      | Found a snail-covered altar of Cheibriados.
  3954 | D:3      | Noticed Terence
  4065 | D:3      | Mangled by Terence

Skill      XL: |  1  2  3  4  5 |
---------------+----------------+-----
Conjurations   | 2 3 |  3.2
Poison Magic   | 1 2 |  2.8
Fire Magic     | 1 |  1.1
Dodging        | |  2.0
Stealth        | |  2.0
Spellcasting   | |  3.2
Summonings     | |  1.0
Translocations | |  1.0

Action                   |  1- 3 |  4- 6 || total
-------------------------+-------+-------++-------
Melee: Unarmed           |    25 |    18 ||    43
 Cast: Magic Dart        |    87 |    94 ||   181
       Call Imp          |       |    14 ||    14
       Mephitic Cloud    |       |     3 ||     3
  Use: Scroll            |     4 |     5 ||     9
       Potion            |       |     2 ||     2
  Eat: Bread ration      |     1 |     1 ||     2
       Meat ration       |       |     1 ||     1
Armor: Robe              |    16 |    19 ||    35
Dodge: Dodged            |    35 |    93 ||   128
